 Dungeon Crawl Stone Soup version 0.17.1-2-g5865329 (webtiles) character file.

75 NobbyNobbs the Skirmisher (level 4, -11/29 HPs)
             Began as a Gargoyle Fighter on Feb 1, 2016.
             Killed by nerve-wracking pain
             ... invoked by an orc priest
              (12 damage)
             ... on level 3 of the Dungeon.
             The game lasted 00:01:48 (1772 turns).

NobbyNobbs the Skirmisher (Gargoyle Fighter)        Turns: 1772, Time: 00:01:48

Health: -11/29     AC: 10    Str: 21    XL:     4   Next: 31%
Magic:  4/4        EV:  7    Int:  8    God:
Gold:   58         SH:  9    Dex:  9    Spells: 0 memorised, 3 levels left

rFire  . . .     SeeInvis .     a - +0 flail
rCold  . . .     Clarity  .     b - +0 scale mail
rNeg   + . .     SustAt   .     c - +0 shield
rPois  ∞         Gourm    .     (no helmet)
rElec  +         Spirit   .     (no cloak)
rCorr  .         Warding  .     (no gloves)
rMut   .         Stasis   .     (no boots)
MR     .....                    (no amulet)
Stlth  ..........               (no ring)
                                (no ring)

@: not resistant to hostile enchantments, extremely unstealthy
A: negative energy resistance 1, electricity resistance, unbreathing,
petrification resistance, rot immunity, AC +3
a: no special abilities


You were on level 3 of the Dungeon.
You were not hungry.

You visited 1 branch of the dungeon, and saw 3 of its levels.

You collected 58 gold pieces.

Inventory:

Hand Weapons
 a - a +0 flail (weapon)
Armour
 b - a +0 scale mail (worn)
 c - a +0 shield (worn)
Scrolls
 f - 2 scrolls of identify {unknown}
 i - 2 scrolls of remove curse {unknown}
Potions
 d - a potion of might
 g - a potion of curing {unknown}
 j - a potion of degeneration {unknown}
 k - a potion of lignification {unknown}
Comestibles
 e - a bread ration
 h - a slice of pizza
 l - a beef jerky


   Skills:
 * Level 4.1 Fighting
 + Level 2.2 Maces & Flails
 + Level 4.1 Armour
 + Level 0.8 Dodging
 + Level 3.7 Shields


You had 3 spell levels left.
You didn't know any spells.

Dungeon Overview and Level Annotations

Branches:
Dungeon (3/15)

Altars:
Nemelex Xobeh
Sif Muna


Innate Abilities, Weirdness & Mutations

You are resistant to torment.
Your stone body is resilient (AC +3).
You are immune to poison.
You resist negative energy.
You are resistant to electric shocks.
You can survive without breathing.
You are immune to petrification.
You are immune to rotting.


Message History

You barely miss the orc priest.
The orc priest is severely wounded.
The orc wizard hits you but does no damage.
The orc hits you but does no damage.
The orc wizard casts a cantrip, but nothing happens.
The orc priest closely misses you. You block the orc's attack.
You hit the orc priest but do no damage.
The orc priest is severely wounded.
You block the orc priest's attack. The orc hits you but does no damage.
The orc wizard hits you but does no damage.
You block the orc's attack. The orc hits you but does no damage.
You hit the orc priest.
The orc priest is almost dead.
The orc priest hits you but does no damage.
You block the orc wizard's attack. The orc hits you with a war axe.
* * * LOW HITPOINT WARNING * * *
You block the orc's attack.
The orc priest invokes the aid of Beogh against you.
Pain shoots through your body!
You die...

#.. #.. ##.. ... #..
########.. #
...############.........
.
....ooo@o...............
.
....ogoo####..........##
. .....oog#
#..........## .
.......o# #...$..######
. ........# #......#
........# #......#
######### #......#
#......# #......#


You could see an orc priest, 2 orc wizards, 7 orcs, a hobgoblin and a goblin.

Vanquished Creatures
  3 adders (D:2)
  An ooze (D:1)
  2 worms
  4 orcs (D:3)
  4 bats
  2 giant cockroaches
  6 hobgoblins
  4 kobolds
  A giant newt (D:2)
  5 goblins
  6 rats
38 creatures vanquished.

Notes
Turn   | Place    | Note
--------------------------------------------------------------
     0 | D:1      | NobbyNobbs the Gargoyle Fighter began the quest for the Orb.
     0 | D:1      | Reached XP level 1. HP: 14/14 MP: 1/1
   373 | D:1      | Reached XP level 2. HP: 14/19 MP: 2/2
   658 | D:2      | Found a deep blue altar of Sif Muna.
   723 | D:2      | Reached XP level 3. HP: 23/23 MP: 3/3
   782 | D:2      | Found a sparkling altar of Nemelex Xobeh.
   896 | D:2      | Found a faded altar to an unknown god.
  1098 | D:2      | Reached skill level 4 in Armour
  1478 | D:2      | Reached XP level 4. HP: 29/29 MP: 4/4
  1772 | D:3      | HP: 1/29 [orc/war axe (3)]
  1772 | D:3      | Killed from afar by an orc priest

Action                   |  1- 3 |  4- 6 || total
-------------------------+-------+-------++-------
Melee: Flail             |    84 |    66 ||   150
  Eat: Chunk             |     1 |     2 ||     3
